 Dungeon Crawl Stone Soup version 0.31-a0-232-gb1c03b2570 (webtiles) character file.

Game seed: 8987603317173406881

5121 qw the Skirmisher (level 10, -3/67 HPs)
             Began as a Gargoyle Hexslinger on July 6, 2023.
             Was a Believer of Okawaru.
             Killed by divine providence
             ... invoked by an orc priest
              (13 damage)
             ... on level 9 of the Dungeon.
             The game lasted 00:03:01 (7036 turns).

qw the Skirmisher (Gargoyle Hexslinger)             Turns: 7036, Time: 00:03:02

Health: -3/67      AC: 14    Str: 11    XL:     10   Next: 58%
Magic:  9/12       EV: 21    Int: 15    God:    Okawaru [**....]
Gold:   266        SH:  5    Dex: 16    Spells: 10/11 levels left

rFire   + . .        Y - +3 sling (elec)
rCold   + . .        (no shield)
rNeg    + . .        h - +2 robe {rC+ rF+}
rPois   inf          b - +1 hat
rElec   +            (no cloak)
rCorr   .            (no gloves)
SInv    .            k - +0 pair of boots
Will    +....        e - amulet of reflection
Stlth   +++          d - +5 ring of evasion
HPRegen 0.31/turn    c - ring of willpower
MPRegen 0.13/turn

%: reflection
@: heroic
A: sickness immunity, AC +7, negative energy resistance 1, electricity
resistance, torment resistance 1, petrification resistance
a: Renounce Religion, Heroism


You were on level 9 of the Dungeon.
You worshipped Okawaru.
Okawaru was pleased with you.
You visited 2 branches of the dungeon, and saw 10 of its levels.

You collected 371 gold pieces.
You spent 105 gold pieces at shops.


Innate Abilities, Weirdness & Mutations

You are immune to sickness and miasma.
Your stone body is resilient. (AC +7)
You are immune to poison.
You resist negative energy. (rN+)
You are resistant to electric shocks. (rElec)
You are resistant to unholy torment.
You are immune to petrification.


   Skills:
 - Level 9.7(14.7) Fighting
 + Level 11.5(16.5) Ranged Weapons
 - Level 2.2(7.2) Armour
 - Level 3.1(8.1) Dodging
 - Level 1.0 Spellcasting
 - Level 2.6 Hexes
 + Level 3.5 Invocations


You had 10 spell levels left.
You knew the following spells:

 Your Spells              Type           Power      Damage    Failure   Level
a - Slow                  Hex            32%        N/A       9%          1

Your spell library contained the following spells:

 Spells                   Type           Power      Damage    Failure   Level
 Inner Flame              Hex/Fire       4%         N/A       38%         3
 Portal Projectile        Hex/Tloc       8%         N/A       38%         3
 Cause Fear               Hex            4%         N/A       63%         4

Inventory:

Hand Weapons
 Y - a +3 sling of electrocution (weapon)
Armour
 b - a +1 hat (worn)
 h - a +2 robe of resistance (worn)
 k - a +0 pair of boots (worn)
Jewellery
 c - a ring of willpower (right hand)
 d - a +5 ring of evasion (left hand)
 e - an amulet of reflection (around neck)
Scrolls
 f - 2 scrolls of identify
Potions
 a - a potion of mutation
 g - 3 potions of curing
 i - a potion of cancellation
 j - a potion of enlightenment
 l - 2 potions of haste

Dungeon Overview and Level Annotations

Branches:
Dungeon (9/15)             Temple (1/1) D:7
   Lair: D:8-11         Orc: D:9-12

Altars:
Ashenzari
Cheibriados
Dithmenos
Elyvilon
Fedhas
Gozag
Hepliaklqana
Kikubaaqudgha
Makhleb
Nemelex Xobeh
Okawaru
Qazlal
Ru
Sif Muna
Trog
Uskayaw
Vehumet
Wu Jian
Xom
Yredelemnul
Zin
The Shining One

Shops:
D:5 ?

Annotations:
D:4 1 runed translucent door, qw's ghost, amateur GrHs


Message History

You shoot a sling bullet. The sling bullet hits the yak.
The yak is heavily wounded.
You feel like a meek peon again. You block the yak's attack.
7029 ||| INVOKING Heroism.
You gain the combat prowess of a mighty hero.
You block the gnoll's attack. The yak barely misses you.
The gnoll closely misses you.
You shoot a sling bullet. The sling bullet hits the yak!
Lightning courses through the yak!
You kill the yak!
Okawaru accepts your kill.
A gnoll comes into view. It is wielding a +0 whip.
The gnoll completely misses you. The gnoll barely misses you.
You shoot a sling bullet.
The sling bullet hits the gnoll but does no damage.
You shoot a sling bullet.
The sling bullet closely misses the gnoll.
The orc priest mumbles some strange prayers to Beogh against you.
Something writhes in agony!
The gnoll throws a stone.
The stone hits you but does no damage. The gnoll hits you with a +0 flail.
Something barely misses you. The gnoll misses you.
You shoot a sling bullet. The sling bullet hits the gnoll!
Lightning courses through the gnoll!
You kill the gnoll!
Okawaru accepts your kill. The gnoll hits you but does no damage.
The gnoll throws a stone.
Something hits you but does no damage.
You shoot a sling bullet.
The sling bullet barely misses the orc priest.
Something hits you. The gnoll completely misses you.
The orc priest completely misses you.
You shoot a sling bullet.
The sling bullet closely misses the orc priest.
You shoot a sling bullet. The sling bullet hits the orc priest.
The orc priest is lightly wounded.
Something hits you. The gnoll hits you but does no damage.
The orc priest invokes the aid of Beogh against you.
Beogh smites you!
You die...

......%...###
..........#.##
.....##..##..##
..... #.#)....#
.... ###.....#
..# #.......#
.. #..#...##
#go##..#
#@)o#.##
###g...# ....#
.....# ....##
Y....# g.o...#
Y...###


You could see an orc priest, 2 gnolls and an orc.

Vanquished Creatures
  Gastronok (D:8)
  Grinder (D:4)
  A wyvern (D:9)
  6 yaks (D:9)
  An acid dragon (D:7)
  2 water moccasins (D:5)
  A sky beast (D:7)
  A black bear (D:6)
  2 ogres
  3 kobold brigands
  2 bullfrogs
  A gnoll sergeant (D:6)
  4 scorpions
  4 wights (D:6)
  6 killer bees (D:7)
  A howler monkey (D:5)
  A vampire bat (D:4)
  3 orc priests
  3 hounds
  2 jellies
  A gnoll bouda (D:7)
  2 iguanas
  Terence (D:3)
  2 sleepcaps
  Natasha (D:4)
  10 orc wizards
  22 gnolls
  5 adders
  A shadow imp (D:7)
  3 white imps
  An ufetubus (D:4)
  A worm (D:4)
  A dart slug (D:2)
  17 orcs
  6 ball pythons
  4 endoplasms
  A giant cockroach (D:3)
  11 goblins
  4 hobgoblins
  4 jackals (D:4)
  31 kobolds
  2 quokkas
  8 bats
  A frilled lizard (D:2)
  3 rats
189 creatures vanquished.

Notes
Turn   | Place    | Note
-------+----------+-------------------------------------------
     0 | D:1      | qw the Gargoyle Hexslinger began the quest for the Orb.
     0 | D:1      | Reached XP level 1. HP: 12/12 MP: 2/2
     0 | D:1      | 0 ||| qw: Version: 0.3-a-46-gb1f654a
     0 | D:1      | 0 ||| qw: Game counter: 1942
     0 | D:1      | 0 ||| qw: Melee chars always use a shield: true
     0 | D:1      | 0 ||| qw: God list: Okawaru
     0 | D:1      | 0 ||| qw: Allow faded altars: false
     0 | D:1      | 0 ||| qw: Do Orc after clearing Dungeon:15 true
     0 | D:1      | 0 ||| qw: Do second Lair branch before Depths: true
     0 | D:1      | 0 ||| qw: Lair rune preference: random
     0 | D:1      | 0 ||| qw: Goals: Normal
     0 | D:1      | 0 ||| PLANNING D:1-11
   173 | D:1      | Reached XP level 2. HP: 16/16 MP: 3/3
   543 | D:1      | 543 ||| UPGRADING to +0 leather armour.
   553 | D:1      | 553 ||| DROPPING +0 robe.
   554 | D:1      | 554 ||| UPGRADING to +0 ring mail.
   564 | D:1      | 564 ||| DROPPING +0 leather armour.
   565 | D:1      | 565 ||| UPGRADING to +0 pair of boots.
   570 | D:1      | 570 ||| UPGRADING to +5 ring of evasion.
   571 | D:1      | 571 ||| DROPPING ring of wizardry.
   572 | D:1      | 572 ||| READING scroll labelled CUKKECVASK.
   573 | D:1      | 573 ||| READING 4 scrolls labelled TIAMUC UTIACUFO.
   574 | D:1      | 574 ||| READING scroll labelled ARRUDA WIPS.
   575 | D:1      | 575 ||| DROPPING scroll of poison.
   599 | D:2      | Reached skill level 3 in Ranged Weapons
   864 | D:2      | Reached XP level 3. HP: 21/21 MP: 4/4
  1146 | D:2      | 1146 ||| UPGRADING to amulet of guardian spirit.
  1151 | D:2      | 1151 ||| UPGRADING to ring of willpower.
  1152 | D:2      | 1152 ||| READING 2 scrolls labelled BADISU QUTEE.
  1153 | D:2      | 1153 ||| READING scroll labelled VATACU IVEGO.
  1158 | D:2      | 1158 ||| READING scroll labelled VERIENUW ZOTHU.
  1159 | D:2      | 1159 ||| READING 3 scrolls labelled UDIETHRO FIASID.
  1160 | D:2      | 1160 ||| READING scroll labelled ZEKHLO KOTH.
  1161 | D:2      | 1161 ||| READING scroll labelled CEOCRE BURAWUC.
  1162 | D:2      | 1162 ||| READING scroll labelled CIATUTA GAIWN.
  1162 | D:2      | Identified a scroll of acquirement
  1162 | D:2      | 1162 ||| ACQUIRING amulet of reflection
  1162 | D:2      | Acquired an amulet of reflection
  1164 | D:2      | 1164 ||| UPGRADING to amulet of reflection.
  1174 | D:2      | 1174 ||| DROPPING amulet of guardian spirit.
  1175 | D:2      | 1175 ||| DRINKING 2 glowing black potions.
  1176 | D:2      | 1176 ||| DROPPING scroll of noise.
  1177 | D:2      | 1177 ||| DROPPING 2 scrolls of fog.
  1191 | D:3      | Noticed Terence
  1202 | D:3      | Killed Terence
  1218 | D:3      | Noticed an ogre
  1220 | D:3      | Killed an ogre
  1221 | D:3      | Reached skill level 4 in Ranged Weapons
  1221 | D:3      | Reached XP level 4. HP: 26/26 MP: 5/5
  1221 | D:3      | Reached XP level 5. HP: 30/30 MP: 6/6
  1290 | D:3      | Found a snail-covered altar of Cheibriados.
  1303 | D:3      | Reached skill level 5 in Ranged Weapons
  1335 | D:3      | Reached XP level 6. HP: 36/36 MP: 7/7
  1895 | D:3      | 1895 ||| READING 2 scrolls labelled ZUYSEIZ XOUFUL.
  1896 | D:3      | 1896 ||| READING 4 scrolls of identify.
  1896 | D:3      | 1896 ||| IDENTIFYING bubbling brown potion
  1906 | D:3      | 1906 ||| DROPPING scroll of revelation.
  1908 | D:3      | 1908 ||| DROPPING potion of degeneration.
  1952 | D:4      | Reached skill level 3 in Fighting
  1956 | D:4      | 1956 ||| STAIRDANCE
  2096 | D:4      | Found a runed translucent door.
  2125 | D:4      | Noticed qw's ghost (amateur GrHs)
  2188 | D:4      | Noticed Natasha
  2198 | D:4      | 2198 ||| Stepping ~*~*~tactically~*~*~ (outnumbered).
  2207 | D:4      | Killed Natasha
  2217 | D:4      | Reached skill level 6 in Ranged Weapons
  2309 | D:4      | You fall into a shaft and drop 2 floors!
  2321 | D:6      | Identified the +1 chain mail of Rationality {rElec rN+
                  | MP+9}
  2348 | D:6      | HP: 7/37 [something/puff of flame (6)]
  2351 | D:6      | 2351 ||| READING scroll of teleportation.
  2353 | D:6      | Reached XP level 7. HP: 10/42 MP: 8/8
  2471 | D:6      | 2471 ||| UPGRADING to +0 robe of resistance.
  2481 | D:6      | 2481 ||| READING scroll labelled NEBU WAFUF.
  2482 | D:6      | 2482 ||| READING 4 scrolls of identify.
  2482 | D:6      | 2482 ||| IDENTIFYING smoky brown potion
  2487 | D:5      | Entered Level 5 of the Dungeon
  2487 | D:5      | Found Bijecs's Magic Scroll Boutique.
  2490 | D:5      | 2490 ||| SHOPLISTING scroll of acquirement (728 gold, have
                  | 165).
  2490 | D:5      | 2490 ||| BUYING scroll of enchant armour (105 gold).
  2490 | D:5      | Bought a scroll of enchant armour for 105 gold pieces
  2490 | D:5      | 2490 ||| SHOPLISTING scroll of enchant armour (105 gold,
                  | have 60).
  2490 | D:5      | 2490 ||| SHOPLISTING scroll of enchant weapon (105 gold,
                  | have 60).
  2490 | D:5      | 2490 ||| READING scroll of enchant armour.
  2490 | D:5      | 2490 ||| ENCHANTING +0 robe of resistance.
  2507 | D:5      | Identified the +5 short sword "Ecrur" {drain, rElec Will+}
  2714 | D:5      | 2714 ||| READING 4 scrolls of identify.
  2714 | D:5      | 2714 ||| IDENTIFYING emerald potion
  2721 | D:4      | Noticed Grinder
  2735 | D:4      | Killed Grinder
  2736 | D:4      | Reached skill level 7 in Ranged Weapons
  2851 | D:4      | Reached XP level 8. HP: 48/48 MP: 9/9
  3018 | D:5      | Reached skill level 8 in Ranged Weapons
  3559 | D:5      | 3559 ||| DROPPING amulet of regeneration.
  3647 | D:6      | Noticed a +0 hand axe
  3648 | D:6      | Noticed a +0 hand axe
  3661 | D:6      | Found a sparkling altar of Nemelex Xobeh.
  3812 | D:6      | Reached skill level 9 in Ranged Weapons
  3819 | D:6      | Found a hide-covered altar of Uskayaw.
  3845 | D:6      | Found a sacrificial altar of Ru.
  3948 | D:6      | Found a glowing silver altar of Zin.
  4011 | D:6      | 4011 ||| READING scroll of enchant weapon.
  4011 | D:6      | 4011 ||| ENCHANTING +2 sling of electrocution.
  4107 | D:6      | 4107 ||| Stepping ~*~*~tactically~*~*~ (outnumbered).
  4112 | D:6      | 4112 ||| Stepping ~*~*~tactically~*~*~ (outnumbered).
  4113 | D:6      | 4113 ||| Stepping ~*~*~tactically~*~*~ (outnumbered).
  4114 | D:6      | 4114 ||| Stepping ~*~*~tactically~*~*~ (outnumbered).
  4115 | D:6      | 4115 ||| Stepping ~*~*~tactically~*~*~ (outnumbered).
  4125 | D:6      | Reached skill level 6 in Fighting
  4190 | D:6      | 4190 ||| READING scroll of enchant armour.
  4190 | D:6      | 4190 ||| ENCHANTING +1 robe of resistance.
  4320 | D:6      | Reached XP level 9. HP: 55/55 MP: 10/10
  4456 | D:6      | Reached skill level 10 in Ranged Weapons
  4663 | D:6      | 4663 ||| DROPPING +0 ring mail.
  4664 | D:6      | 4664 ||| READING 5 scrolls of identify.
  4664 | D:6      | 4664 ||| IDENTIFYING blue potion
  4722 | D:7      | Reached skill level 3 in Dodging
  5043 | D:7      | Found a staircase to the Ecumenical Temple.
  5044 | D:7      | 5044 ||| PLANNING TEMPLE
  5044 | D:7      | 5044 ||| READING scroll labelled OPTITICLEPH.
  5045 | D:7      | 5045 ||| READING 4 scrolls of identify.
  5045 | D:7      | 5045 ||| IDENTIFYING metallic pink potion
  5046 | D:7      | 5046 ||| DROPPING potion of berserk rage.
  5059 | Temple   | Entered the Ecumenical Temple
  5108 | Temple   | 5108 ||| PLANNING OKAWARU WORSHIP
  5203 | Temple   | Became a worshipper of Warmaster Okawaru
  5204 | Temple   | 5204 ||| PLANNING D:1-11
  5460 | D:8      | 5460 ||| FLEEEEING.
  5465 | D:8      | 5465 ||| STAIRDANCE
  5493 | D:8      | 5493 ||| STAIRDANCE
  5554 | D:8      | 5554 ||| STAIRDANCE
  5637 | D:8      | 5637 ||| STAIRDANCE
  5640 | D:7      | Reached skill level 11 in Ranged Weapons
  6171 | D:8      | 6171 ||| Stepping ~*~*~tactically~*~*~ (outnumbered).
  6173 | D:8      | 6173 ||| Stepping ~*~*~tactically~*~*~ (outnumbered).
  6223 | D:8      | Noticed Gastronok
  6235 | D:8      | HP: 8/57 [Gastronok/the air (26)]
  6236 | D:8      | 6236 ||| READING scroll of teleportation.
  6237 | D:8      | 6237 ||| DRINKING potion of heal wounds.
  6442 | D:8      | HP: 7/57 [Gastronok/the air (36)]
  6443 | D:8      | 6443 ||| READING scroll of teleportation.
  6675 | D:8      | Killed Gastronok
  6675 | D:8      | Reached * piety under Okawaru
  6676 | D:8      | Reached skill level 9 in Fighting
  6676 | D:8      | Reached XP level 10. HP: 67/67 MP: 11/11
  6793 | D:8      | Found an opulent altar of Gozag.
  6907 | D:8      | 6907 ||| UPGRADING to +1 hat.
  6912 | D:8      | 6912 ||| READING 4 scrolls of identify.
  6912 | D:8      | 6912 ||| IDENTIFYING fizzy golden potion
  6913 | D:8      | 6913 ||| READING 3 scrolls of identify.
  6913 | D:8      | 6913 ||| IDENTIFYING smoky sapphire potion
  6944 | D:9      | Reached skill level 1 in Invocations
  6959 | D:9      | 6959 ||| FLEEEEING.
  6992 | D:9      | 6992 ||| Stepping ~*~*~tactically~*~*~ (outnumbered).
  6994 | D:9      | 6994 ||| Stepping ~*~*~tactically~*~*~ (outnumbered).
  6995 | D:9      | 6995 ||| Stepping ~*~*~tactically~*~*~ (outnumbered).
  7006 | D:9      | 7006 ||| INVOKING Heroism.
  7013 | D:9      | Reached ** piety under Okawaru
  7025 | D:9      | Reached skill level 3 in Invocations
  7029 | D:9      | 7029 ||| INVOKING Heroism.
  7032 | D:9      | HP: 16/67 [gnoll/+0 flail[a gnoll sergeant] (5)]
  7036 | D:9      | Killed from afar by an orc priest

Levels and vault maps discovered:
D:1:      dpeg_arrival_stone_temple_mockup, layout_basic, glass_columns_c,
          due_unseen_surprise
D:2:      layout_basic
D:3:      layout_basic, general_overflow_altar, skrybe_limestone_x, uniq_terence
D:4:      layout_rooms, ebering_ghost_sewer_d, roderic_batcave, uniq_natasha,
          uniq_grinder
D:5:      layout_basic, serial_shops, shop
D:6:      kennysheep_kobold_camp, layout_loops_corners,
          nemelex_dance_club_becter, overflow_temple_1_default,
          mainiacjoe_overflow_boulevard, dancing_weapons_uskayaw
D:7:      layout_rooms, minmay_temple_entry_butterflies
D:8:      layout_basic, mainiacjoe_overflow_alcove_2, uniq_gastronok
D:9:      layout_cave_pools, serial_shops, shop, nicolae_rejected_hall
Temple:   nicolae_temple_elliptical

Skill      XL: |  1  2  3  4  5  6  7  8  9 10 |
---------------+-------------------------------+-----
Ranged Weapons | 3 4 5 6 7 9 11 | 11.5
Fighting       | 2 3 4 6 9 |  9.7
Armour         | 2 |  2.2
Dodging        | 2 3 |  3.1
Invocations    | 3 |  3.5
Spellcasting   | |  1.0
Hexes          | |  2.6

Action                     |  1- 3 |  4- 6 |  7- 9 | 10-12 || total
---------------------------+-------+-------+-------+-------++-------
   Fire: Sling             |    82 |   131 |   400 |    55 ||   668
 Invoke: Heroism           |       |       |       |     2 ||     2
    Use: Scroll            |    10 |     3 |    11 |     2 ||    26
         Potion            |     1 |       |     1 |       ||     2
 Armour: Robe              |     2 |       |    27 |     8 ||    37
         Ring mail         |     1 |    40 |       |       ||    41
  Dodge: Dodged            |    16 |    68 |    99 |    33 ||   216
  Block: Other             |     1 |    22 |    31 |     9 ||    63
         Reflection        |       |       |     3 |       ||     3

Table legend:
 A = Non-vault XP
 B = Vault XP
 C = Vault XP percentage of total XP
 D = Non-vault monster count
 E = Vault monster count
 F = Vault count percentage of total count
                 A         B        C        D         E       F
            +---------+---------+-------+---------+---------+-------
      Total |    5202 |    2114 |  28.9 |     156 |      33 |  17.5
            +---------+---------+-------+---------+---------+-------
        D:1 |      16 |       0 |   0.0 |       9 |       0 |   0.0
        D:2 |      28 |       0 |   0.0 |      16 |       0 |   0.0
        D:3 |     268 |      36 |  11.8 |      17 |       1 |   5.6
        D:4 |     224 |     393 |  63.7 |      21 |       8 |  27.6
        D:5 |     576 |       0 |   0.0 |      10 |       0 |   0.0
        D:6 |    1153 |     250 |  17.8 |      34 |      23 |  40.4
        D:7 |    1105 |       0 |   0.0 |      26 |       0 |   0.0
        D:8 |     320 |    1435 |  81.8 |      12 |       1 |   7.7
        D:9 |    1512 |       0 |   0.0 |      11 |       0 |   0.0
            +---------+---------+-------+---------+---------+-------
